 Dungeon Crawl Stone Soup version 0.31-a0-848-gaac375c287 (webtiles) character file.

Game seed: 17675671913795799397

58 Kurtz the Sneak (level 3, -2/29 HPs)
             Began as a Mummy Delver on Oct 4, 2023.
             Was an Initiate of Ashenzari.
             Slain by an iguana (6 damage)
             ... on level 6 of the Dungeon.
             The game lasted 00:01:05 (98 turns).

Kurtz the Sneak (Mummy Delver)                        Turns: 98, Time: 00:01:05

Health: -2/29      AC:  3    Str: 17    XL:     3   Next: 75%
Magic:  3/3        EV: 11    Int:  9    God:    Ashenzari [......]
Gold:   0          SH:  0    Dex: 13    Spells: 2/2 levels left

rFire   x . .        a - +0 mace
rCold   + . .        (no shield)
rNeg    + + +        b - +0 leather armour
rPois   ∞            (no helmet)
rElec   .            (no cloak)
rCorr   .            (no gloves)
SInv    .            (no boots)
Will    .....        (no amulet)
Stlth   ++           (no ring)
HPRegen 0.24/turn    (no ring)
MPRegen 0.08/turn

%: faith
@: marked
A: cold resistance 1, negative energy resistance 3, torment resistance 2, heat
vulnerability 1, in touch with death 1, no potions, faith
a: Renounce Religion


You were on level 6 of the Dungeon.
You worshipped Ashenzari.
Ashenzari was noncommittal.
You visited 2 branches of the dungeon, and saw 3 of its levels.

Inventory:

Hand Weapons
 a - a +0 mace (weapon)
Armour
 b - a +0 leather armour (worn)
Wands
 f - a wand of digging (3)
Scrolls
 c - a scroll of fog
 d - a scroll of revelation
 e - a scroll of fear


   Skills:
 - Level 3.0 Fighting
 * Level 3.4 Maces & Flails
 - Level 1.5 Dodging
 - Level 4.1 Stealth


You had 2 spell levels left.
You didn't know any spells.
Your spell library was empty.

Dungeon Overview and Level Annotations

Branches:
Dungeon (6/15)             Temple (1/1) D:5

Altars:
Ashenzari
Cheibriados
Fedhas
Gozag
Kikubaaqudgha
Nemelex Xobeh
Okawaru
Ru
Sif Muna
Uskayaw
Vehumet
Wu Jian
Xom

Shops:
D:6 !

Annotations:
D:5 Blork the orc


Innate Abilities, Weirdness & Mutations

You are immune to poison.
Your flesh is cold resistant. (rC+)
You are immune to negative energy. (rN+++)
You are immune to unholy pain and torment.
You are vulnerable to heat. (rF-)
You are in touch with the powers of death.
You do not drink.
You have a special connection with the divine. (Faith)


Message History

You hit the scorpion.
The scorpion is moderately wounded.
The scorpion stings you.
You hit the scorpion.
The scorpion is heavily wounded.
The scorpion misses you.
The scorpion stings you but does no damage.
You sock the scorpion!
The scorpion is almost dead.
The scorpion closely misses you. The scorpion barely misses you.
You hit the scorpion.
You kill the scorpion!
Your Maces & Flails skill gained 2 levels and is now at level 3!
You have reached level 2!
You have reached level 3!
Your experience leads to an increase in your attributes!
Increase (S)trength, (I)ntelligence, or (D)exterity?
You feel stronger. x2
Blork the orc casts a spell at you. The puff of flame hits you!
The fire burns you terribly!
Ouch! That really hurt!
There is a stone staircase leading down here.
You climb downwards.
A malevolent force fills the Dungeon...
With a horrendous wail, an alarm goes off!
A sentinel's mark forms upon you.
The iguana hisses angrily.
You hear a shout!
You hear a howl!
You hear a shout! x3
You hear a bark!
You hear a shout!
You hear a loud, deep croak!
You hear a shout! x2; You hear an angry hiss.
Found a lead wand and a chain mail.
Found Mutt's Distillery.
Found a stone staircase leading down.
There is a stone staircase leading up here.
An iguana is nearby!
You hit the iguana but do no damage. The iguana bites you!
* * * LOW HITPOINT WARNING * * *
An orc comes into view. It is wielding a +0 club.
A hound comes into view.
You hit the iguana.
The iguana is moderately wounded.
The iguana bites you.
You die...

## .### ...# #
##8.# #..#...##
#..8.@.8#
o..../.l.......
####...∩..#####
##......#
.8.>.8..#
......[..#
##...8#.#h#
#......#..


You could see an iguana, a hound and an orc.

Vanquished Creatures
  A scorpion (D:5)
1 creature vanquished.

Notes
Turn   | Place    | Note
-------+----------+-------------------------------------------
     0 | D:5      | Kurtz the Mummy Delver began the quest for the Orb.
     0 | D:5      | Reached XP level 1. HP: 18/18 MP: 1/1
     8 | D:5      | Found a staircase to the Ecumenical Temple.
     9 | D:5      | Noticed a scorpion
    15 | D:5      | Noticed Blork the orc
    19 | Temple   | Entered the Ecumenical Temple
    73 | Temple   | Became a worshipper of Ashenzari the Shackled
    80 | D:5      | Noticed a scorpion
    84 | D:5      | Killed a scorpion
    85 | D:5      | Reached XP level 2. HP: 21/24 MP: 2/2
    85 | D:5      | Reached XP level 3. HP: 25/29 MP: 3/3
    92 | D:6      | Found Mutt's Distillery.
    98 | D:6      | Slain by an iguana

Illustrated notes

Levels and vault maps discovered:
D:5:      layout_cave_pools, minmay_temple_entry_statues_pillars, serial_rivers,
          chequers_serial_rivers_micro_d, chequers_serial_rivers_large_a,
          chequers_serial_rivers_large_b, chequers_serial_rivers_marsh,
          chequers_serial_rivers_marsh, uniq_blork_the_orc, uniq_eustachio
D:6:      layout_loops_ring, makhleb_blood_cavern_becter, nicolae_stop_n_shop_2,
          sigmund_edmund_badplayer
Temple:   compressed_dpeg_triangle_lava_temple

Skill      XL: |  1 |
---------------+----+-----
Maces & Flails | 3 |  3.4
Fighting       | |  3.0
Dodging        | |  1.5
Stealth        | |  4.1

Action                     || total
---------------------------++-------
  Melee: Mace              ||     6
 Armour: Leather armour    ||     5
  Dodge: Dodged            ||     4

Table legend: (Time is in decaauts)
 A = Elapsed time spent in this place.
 B = Non-inter-level travel time spent in this place.
 C = Inter-level travel time spent in this place.
 D = Time resting spent in this place.
 E = Time spent auto-exploring this place.
 F = Levels seen in this place.
 G = Mean time per level.
                   A        B        C        D        E       F      G
               +--------+--------+--------+--------+--------+-----+--------+
         Total |     99 |     92 |      7 |      0 |      7 |   3 |   33.0 |
       Dungeon |     38 |     37 |      1 |      0 |      7 |   2 |   19.0 |
        Temple |     60 |     54 |      6 |      0 |      0 |   1 |   60.0 |
               +--------+--------+--------+--------+--------+-----+--------+

Top non-repeatable levels by time:
  Temple: 60 daAuts
     D:5: 32 daAuts
     D:6: 6 daAuts
